 Dungeon Crawl Stone Soup version 0.26.0-3-g156281e41b (webtiles) character file.

Game seed: 11008264449641422904

193 jackrogers the Chopper (level 5, 0/42 HPs)
             Began as a Minotaur Gladiator on Jan 10, 2021.
             Was a Follower of Dithmenos.
             Killed by nerve-wracking pain
             ... invoked by Menkaure
              (13 damage)
             ... on level 4 of the Dungeon.
             The game lasted 00:04:36 (3482 turns).

jackrogers the Chopper (Minotaur Gladiator)         Turns: 3482, Time: 00:04:37

Health: 0/42       AC:  6    Str: 20    XL:     5   Next: 43%
Magic:  4/4        EV: 12    Int:  5    God:    Dithmenos [*.....]
Gold:   270        SH:  0    Dex: 11    Spells: 4/4 levels left

rFire    . . .     SeeInvis .   a - +0 war axe
rCold    + . .     Faith    .   (no shield)
rNeg     . . .     Spirit   .   o - +2 leather armour {rC+}
rPois    .         Reflect  .   c - +0 hat
rElec    .         Harm     .   e - +0 cloak
rCorr    +         Rampage  .   (no gloves)
Will     .....                  (no boots)
Stlth    +.........             m - amulet of magic regeneration
HPRegen  0.14/turn              j - ring of resist corrosion
MPRegen  0.34/turn              (no ring)

@: very slightly contaminated, wreathed by umbra, invisible
A: retaliatory headbutt, horns 2
a: Renounce Religion


You were on level 4 of the Dungeon.
You worshipped Dithmenos.
Dithmenos was aware of your devotion.
You visited 1 branch of the dungeon, and saw 4 of its levels.

You collected 270 gold pieces.

Inventory:

Hand Weapons
 a - a +0 war axe (weapon)
Missiles
 d - 3 throwing nets {=f, !d}
 f - 6 silver javelins
 g - 78 stones (quivered)
 q - 3 boomerangs
Armour
 b - a +0 leather armour
 c - a +0 hat (worn)
 e - a +0 cloak (worn)
   (You took it off Crazy Yiuf on level 2 of the Dungeon)
 o - a +2 leather armour of cold resistance (worn)
   (You found it on level 2 of the Dungeon)
 A - a +0 pair of boots
   (You found it on level 4 of the Dungeon)
Jewellery
 j - a ring of resist corrosion (left hand)
   (You found it on level 1 of the Dungeon)
 l - an uncursed ring of fire {rF+, rC-}
   (You found it on level 1 of the Dungeon)
 m - an amulet of magic regeneration (around neck)
   (You found it on level 3 of the Dungeon)
 z - a +6 ring of strength {unknown}
   (You found it on level 3 of the Dungeon)
 B - an uncursed amulet of the acrobat {unknown}
   (You found it on level 4 of the Dungeon)
Scrolls
 n - a scroll of amnesia {unknown}
 v - 2 scrolls of identify
 w - a scroll of fear {unknown}
 x - 2 scrolls of teleportation
 y - 5 scrolls of remove curse
Potions
 h - a potion of resistance
 i - a potion of attraction {unknown}
 k - 2 potions of heal wounds
 r - 3 potions of degeneration {!q}
 s - a potion of magic {unknown}
 t - a potion of brilliance {unknown}
 u - a potion of lignification {unknown}


   Skills:
 - Level 2.4 Fighting
 + Level 7.5 Axes
 - Level 2.0 Throwing
 - Level 3.2 Dodging


You had 4 spell levels left.
You didn't know any spells.
Your spell library was empty.

Dungeon Overview and Level Annotations

Branches:
Dungeon (4/15)
 Temple: D:4-7

Altars:
Cheibriados
Dithmenos
Okawaru
Uskayaw
Yredelemnul

Annotations:
D:2 exclusions: iron imp and upstairs, Natasha
D:4 Menkaure


Innate Abilities, Weirdness & Mutations

You reflexively headbutt those who attack you in melee.
You have a pair of horns on your head.


Message History

Found a glowing quarterstaff.
Found a stone staircase leading down.
g - 62 stones (gained 24)
g - 79 stones (gained 17)
You now have 238 gold pieces (gained 12).
You see here 11 arrows.
A worm comes into view.
You throw a stone.
The stone hits the worm but does no damage.
You throw a stone. The stone barely misses the worm.
You throw a stone. The stone barely misses the worm.
You throw a stone.
The stone hits the worm but does no damage.
You throw a stone. The stone barely misses the worm.
You throw a stone. The stone barely misses the worm.
You throw a stone. The stone hits the worm.
You throw a stone. The stone hits the worm.
You throw a stone.
The stone hits the worm but does no damage.
You hit the worm but do no damage. The worm closely misses you.
You furiously retaliate!
You headbutt the worm. You hit the worm. You hit the worm.
Your headbutt misses the worm. The worm bites you.
You hit the worm.
You kill the worm!
Dithmenos accepts your kill.
No target in view!
No target in view!
g - 71 stones (gained 1)
g - 72 stones (gained 1)
g - 74 stones (gained 2)
g - 76 stones (gained 2)
g - 77 stones (gained 1)
g - 78 stones (gained 1)
You now have 257 gold pieces (gained 19).
y - 4 scrolls of remove curse (gained 1)
An iguana comes into view.
The iguana hisses angrily.
Found a scroll of remove curse.
Found a stone staircase leading up.
An iguana is nearby!
You throw a stone. The stone barely misses the iguana.
You throw a stone. The stone barely misses the iguana.
You throw a stone. The stone closely misses the iguana.
You throw a stone. The stone barely misses the iguana.
You hit the iguana but do no damage. The iguana bites you.
You barely miss the iguana. The iguana bites you.
You closely miss the iguana. The iguana misses you. You furiously retaliate!
You headbutt the iguana, but do no damage.
You barely miss the iguana. The iguana closely misses you.
You slash the iguana! The iguana barely misses you. x2
You slash the iguana!
You kill the iguana!
Dithmenos accepts your kill.
You start resting.
Found a stone staircase leading up.
g - 75 stones (gained 1)
g - 76 stones (gained 1)
g - 77 stones (gained 1)
g - 78 stones (gained 1)
y - 5 scrolls of remove curse (gained 1)
You now have 270 gold pieces (gained 13).
Menkaure, Prince of Dust comes into view.
Menkaure calls on the powers of darkness!
Your body is wracked with pain!
Spoiler Alert: Menkaure can cast Torment!
You fade into invisibility!
You are very lightly contaminated with residual magic.
It was a potion of heal wounds.
You feel much better.
Menkaure calls on the powers of darkness!
Your body is wracked with pain!
Menkaure closely misses you.
Spoiler Alert: Menkaure can cast Torment!
You barely miss Menkaure.
Menkaure screams, "Why can't you leave me to my rest?"
Menkaure casts a spell.
Menkaure seems to speed up.
Spoiler Alert: Menkaure (fast) can cast Torment!
You barely miss Menkaure. You headbutt Menkaure! Menkaure barely misses you.
You furiously retaliate!
You headbutt Menkaure, but do no damage.
Spoiler Alert: Menkaure (fast) can cast Torment!
You slash Menkaure! You headbutt Menkaure. Menkaure closely misses you.
Spoiler Alert: Menkaure (fast) can cast Torment!
You barely miss Menkaure. Menkaure closely misses you. You furiously retaliate!
You headbutt Menkaure, but do no damage.
Menkaure barely misses you.
Spoiler Alert: Menkaure (fast) can cast Torment!
You barely miss Menkaure.
Menkaure points at you and mumbles some strange words.
Pain shoots through your body!
* * * LOW HITPOINT WARNING * * *
Spoiler Alert: Menkaure (fast) can cast Torment!
You barely miss Menkaure. Your headbutt misses Menkaure.
Menkaure casts a spell at you.
You barely resist.
Spoiler Alert: Menkaure (fast) can cast Torment!
You barely miss Menkaure. Menkaure barely misses you.
Menkaure points at you and mumbles some strange words.
Pain shoots through your body!
You die...

.........###...........#
.........# #...........#
........## ##..........#
.......## #..........#
......## ##.........#
......# #........##
.....## ##......##
†...## #....### ...##
##@..# ...# #M..# ##...#
#..## ###..# .### ##.. #
.


You could see Menkaure (fast).

Vanquished Creatures
  A phantom (D:4)
  Crazy Yiuf (D:2)
  An iguana (D:4)
  An adder (D:3)
  4 worms
  3 leopard geckos
  An orc (D:3)
  2 ball pythons
  5 bats
  3 goblins
  5 hobgoblins
  A quokka (D:3)
  A frilled lizard (D:1)
  9 kobolds
  2 rats
40 creatures vanquished.

Notes
Turn   | Place    | Note
-------+----------+-------------------------------------------
     0 | D:1      | jackrogers the Minotaur Gladiator began the quest for the
                  | Orb.
     0 | D:1      | Reached XP level 1. HP: 18/18 MP: 0/0
    48 | D:1      | Reached skill level 4 in Axes
   200 | D:1      | Reached XP level 2. HP: 21/25 MP: 1/1
   596 | D:2      | Found a hide-covered altar of Uskayaw.
   596 | D:2      | Noticed Natasha
  1071 | D:2      | Found a runed translucent door.
  1072 | D:2      | Noticed Crazy Yiuf
  1199 | D:2      | Reached skill level 5 in Axes
  1260 | D:2      | Reached XP level 3. HP: 28/30 MP: 2/2
  1448 | D:2      | Found a faded altar of an unknown god.
  1475 | D:2      | Became a worshipper of Dithmenos the Shadowed
  1475 | D:2      | Reached * piety under Dithmenos
  1740 | D:2      | Killed Crazy Yiuf
  2071 | D:3      | Reached XP level 4. HP: 37/37 MP: 3/3
  2109 | D:3      | Reached skill level 6 in Axes
  2190 | D:3      | Found a snail-covered altar of Cheibriados.
  2446 | D:3      | Found a basalt altar of Yredelemnul.
  2456 | D:3      | Found an iron altar of Okawaru.
  3076 | D:4      | Noticed a phantom
  3103 | D:4      | Killed a phantom
  3104 | D:4      | Reached skill level 7 in Axes
  3104 | D:4      | Reached XP level 5. HP: 39/42 MP: 4/4
  3470 | D:4      | Noticed Menkaure
  3482 | D:4      | Killed from afar by Menkaure

Illustrated notes

Levels and vault maps discovered:
D:1:      saegor_arrival_simple_a, layout_rooms
D:2:      layout_basic, general_overflow_altar,
          chequers_ecumenical_altar_island, uniq_crazy_yiuf_cottage,
          uniq_natasha
D:3:      kennysheep_six_static_rooms, layout_basic, old_standard_altar,
          amethyst_overflow_temple_binary
D:4:      layout_cave_pods, lemuel_coloured_pillars_altar, led_sif_book,
          uniq_duvessa, uniq_eustachio, uniq_menkaure

Skill      XL: |  1  2  3  4 |
---------------+-------------+-----
Axes           | 4 5 7 |  7.5
Fighting       | |  2.4
Throwing       | |  2.0
Dodging        | |  3.2

Action                   |  1- 3 |  4- 6 || total
-------------------------+-------+-------++-------
Melee: War axe           |    51 |    36 ||    87
       Headbutt          |     9 |     6 ||    15
Throw: Stone             |    92 |    68 ||   160
       Javelin           |     1 |       ||     1
  Use: Scroll            |     8 |       ||     8
       Potion            |       |     2 ||     2
Armor: Leather armour    |    15 |     5 ||    20
Dodge: Dodged            |    36 |    24 ||    60

Table legend: (Time is in decaauts)
 A = Elapsed time spent in this place.
 B = Non-inter-level travel time spent in this place.
 C = Inter-level travel time spent in this place.
 D = Time resting spent in this place.
 E = Time spent auto-exploring this place.
 F = Levels seen in this place.
 G = Mean time per level.
                   A        B        C        D        E       F      G
               +--------+--------+--------+--------+--------+-----+--------+
         Total |   3522 |   3185 |    337 |    507 |   2172 |   4 |  880.5 |
       Dungeon |   3522 |   3185 |    337 |    507 |   2172 |   4 |  880.5 |
               +--------+--------+--------+--------+--------+-----+--------+

Top non-repeatable levels by time:
     D:2: 1407 daAuts
     D:3: 1133 daAuts
     D:1: 567 daAuts
     D:4: 414 daAuts

Table legend:
 A = Kills in this place as a percentage of kills in entire the game.
 B = Kills by you in this place as a percentage of kills by you in the entire game.
 C = Kills by friends in this place as a percentage of kills by friends in the entire game.
 D = Other kills in this place as a percentage of other kills in the entire game.
 E = Experience gained in this place as a percentage of experience gained in the entire game.
 F = Experience gained in this place divided by the number of levels of this place that you have seen.
                   A       B       C       D       E      F
               +-------+-------+-------+-------+-------+----------------------
         Total | 100.0 | 100.0 |   N/A |   N/A | 100.0 |  69.0
       Dungeon | 100.0 | 100.0 |   N/A |   N/A | 100.0 |  69.0
               +-------+-------+-------+-------+-------+----------------------
